 Dungeon Crawl Stone Soup version 0.23.0 (webtiles) character file.

Game seed: 14354741858573247752

3873 Revguard the Blocker (level 10, 0/60 HPs)
             Began as a Gargoyle Fighter on Feb 7, 2019.
             Was a Priest of Qazlal.
             Slain by a two-headed ogre
             ... wielding a +0 giant spiked club
              (23 damage)
             ... on level 8 of the Dungeon on Feb 12, 2019.
             The game lasted 00:26:28 (5109 turns).

Revguard the Blocker (Gargoyle Fighter)             Turns: 5109, Time: 00:26:29

Health: 0/60       AC: 17    Str: 22    XL:     10   Next: 19%
Magic:  5/14       EV: 12    Int:  8    God:    Qazlal [***...]
Gold:   332        SH: 17    Dex: 23    Spells: 12/15 levels left

rFire    . . .     SeeInvis .   a - +0 flail
rCold    . . .     Gourm    .   c - +0 shield
rNeg     + . .     Faith    +   A - +3 ring mail of Ziup {Dex+2 Stlth+}
rPois    ∞         Spirit   .   (no helmet)
rElec    +         Reflect  .   i - +0 cloak
rCorr    .         Harm     .   (no gloves)
MR       .....                  (no boots)
Stlth    ++........             D - amulet of Capsytin {Faith Dex+5}
HPRegen  0.20/turn              o - +5 ring of dexterity
MPRegen  0.14/turn              v - ring of wizardry

@: infused (expiring)
A: negative energy resistance 1, electricity resistance, unbreathing,
petrification resistance, rot immunity, AC +7
a: Upheaval, Elemental Force, Renounce Religion


You were on level 8 of the Dungeon.
You worshipped Qazlal.
Qazlal was most pleased with you.
You were hungry.

You visited 2 branches of the dungeon, and saw 9 of its levels.

You collected 332 gold pieces.

Inventory:

Hand Weapons
 a - a +0 flail (weapon)
Armour
 b - a +0 scale mail
 c - a +0 shield (worn)
 i - a +0 cloak (worn)
 A - the +3 ring mail of Ziup (worn) {Dex+2 Stlth+}
   (You found it on level 6 of the Dungeon)

   It affects your dexterity (+2).
   It makes you more stealthy.
Jewellery
 o - a +5 ring of dexterity (left hand)
 p - an uncursed ring of protection from magic
 u - an uncursed ring of positive energy
 v - a ring of wizardry (right hand)
 D - the amulet of Capsytin (around neck) {Faith Dex+5}
   (You found it on level 7 of the Dungeon)

   [amulet of faith]

   It allows you to gain divine favour quickly.
   It affects your dexterity (+5).
Wands
 k - a wand of enslavement (7)
 l - a wand of digging (6)
Scrolls
 e - a scroll of random uselessness {unknown}
 g - 7 scrolls of remove curse {unknown}
 j - a scroll of noise {unknown}
 m - 6 scrolls of teleportation {unknown}
 q - a scroll of fog {unknown}
 t - 2 scrolls of enchant armour {unknown}
 w - a scroll of fear {unknown}
 x - 2 scrolls of blinking {unknown}
 y - a scroll of identify
Potions
 d - 2 potions of might
 h - 3 potions of curing
 n - 2 potions of lignification
 r - 6 potions of heal wounds
 s - a potion of brilliance
 z - 2 potions of flight
 B - a potion of degeneration
 C - a potion of resistance
Comestibles
 f - 21 rations


   Skills:
 + Level 5.7 Fighting
 + Level 7.6 Maces & Flails
 + Level 5.4 Armour
 + Level 3.6 Dodging
 + Level 8.9 Shields
 * Level 3.0 Spellcasting
 * Level 2.9 Charms
 + Level 4.0 Invocations


You had 12 spell levels left.
You knew the following spells:

 Your Spells              Type           Power        Failure   Level  Hunger
a - Infusion              Chrm           #...         13%         1    ##.....
b - Song of Slaying       Chrm           #.......     19%         2    ###....

Your spell library contained the following spells:

 Spells                   Type           Power        Failure   Level  Hunger
 Shroud of Golubria       Chrm/Tloc      #.........   32%         2    ###....
 Animate Skeleton         Necr           N/A          38%         1    ##.....
 Confusing Touch          Hex            #.....       38%         1    ##.....
 Pain                     Necr           #...         38%         1    ##.....
 Regeneration             Chrm/Necr      #.........   54%         3    ####...
 Spectral Weapon          Hex/Chrm       #.......     54%         3    ####...
 Confuse                  Hex            #.......     75%         3    ####...
 Gell's Gravitas          Tloc           #.........   75%         3    ####...
 Vampiric Draining        Necr           #.........   75%         3    ####...
 Animate Dead             Necr           N/A          98%         4    #####..
 Petrify                  Tmut/Erth      #.......     98%         4    #####..
 Metabolic Englaciation   Hex/Ice        #.........   100%        5    ######.
 Yara's Violent Unravell  Hex/Tmut       #.........   100%        5    ######.


Dungeon Overview and Level Annotations

Branches:
Dungeon (8/15)             Temple (1/1) D:4
   Lair: D:8-11

Altars:
Ashenzari
Cheibriados
Dithmenos
Elyvilon
Fedhas
Gozag
Hepliaklqana
Kikubaaqudgha
Makhleb
Nemelex Xobeh
Okawaru
Qazlal
Ru
Sif Muna
Trog
Uskayaw
Vehumet
Wu Jian
Xom
Yredelemnul
Zin
The Shining One

Shops:
D:5 [(:   D:6 *


Innate Abilities, Weirdness & Mutations

You are resistant to torment.
Your stone body is resilient. (AC +7)
You are immune to poison.
You resist negative energy. (rN+)
You are resistant to electric shocks. (rElec)
You can survive without breathing.
You are immune to petrification.
You are immune to rotting.


Message History

The two-headed ogre is almost dead.
The crimson imp summons a swarm of flies.
You hit the two-headed ogre.
The two-headed ogre is almost dead.
You block the two-headed ogre's attack. x2; The crimson imp misses you.
You hit the two-headed ogre.
The two-headed ogre is almost dead.
The two-headed ogre hits you with a +0 giant spiked club!
The two-headed ogre hits you with a +0 giant club!
* * * LOW HITPOINT WARNING * * *
You block the crimson imp's attack.
You feel much better.
Your magical infusion is running out.
The crimson imp barely misses you. You block the two-headed ogre's attack.
The two-headed ogre barely misses you.
You barely miss the two-headed ogre.
The two-headed ogre is almost dead.
The crimson imp blinks!
The two-headed ogre hits you with a +0 giant spiked club!!
You die...

.###.#......#.#.###....#.###
.........††.................
...........)###.............
..(....[....###.............
...........<÷..........>...(
............###.............
##........<..##.............
#.#....##.#.##○O...........
# #....##.#.##.@§..........
#....##....#.......##'###
#....##.##.##...........
#....##.# .##........ ##
#.......# ..#...5...# #.
..#......## #.....## #....##


You could see a two-headed ogre and a crimson imp.

Vanquished Creatures
  A hippogriff (D:6)
  4 yaks (D:4)
  4 hogs (D:7)
  A human (D:7)
  A water moccasin (D:7)
  3 phantoms
  An eye of draining (D:8)
  2 ogres
  2 centaurs
  6 bullfrogs
  2 scorpions
  6 killer bees (D:8)
  4 howler monkeys
  2 centaur zombies
  4 crimson imps
  A quasit (D:7)
  2 jellies (D:8)
  4 hounds
  A centaur skeleton (D:4)
  A worker ant (D:8)
  Terence (D:1)
  An iguana (D:7)
  A hound skeleton (D:8)
  9 adders
  2 shadow imps
  An ooze (D:4)
  An adder skeleton (D:4)
  4 worms
  6 leopard geckos
  9 orcs
  A ball python (D:5)
  5 giant cockroaches
  6 goblins
  6 hobgoblins
  7 jackals
  5 quokkas
  7 bats
  7 frilled lizards
  4 kobolds
  7 rats
142 creatures vanquished.

Notes
Turn   | Place    | Note
-------+----------+-------------------------------------------
     0 | D:1      | Revguard the Gargoyle Fighter began the quest for the Orb.
     0 | D:1      | Reached XP level 1. HP: 14/14 MP: 1/1
    96 | D:1      | Upgraded the game from 0.23-b1-75-g379dba2534 to 0.23.0
   236 | D:1      | Reached XP level 2. HP: 19/19 MP: 2/2
   797 | D:2      | Noticed Terence
   823 | D:1      | Killed Terence
   823 | D:1      | Reached XP level 3. HP: 18/23 MP: 3/3
   848 | D:2      | Reached skill level 4 in Shields
   990 | D:2      | Reached XP level 4. HP: 22/28 MP: 4/4
  1168 | D:2      | Found a sparkling altar of Nemelex Xobeh.
  1168 | D:2      | Found a faded altar of an unknown god.
  1173 | D:2      | Found a faded altar of an unknown god.
  1175 | D:2      | Found a stormy altar of Qazlal.
  1176 | D:2      | Found a blossoming altar of Fedhas.
  1205 | D:2      | Became a worshipper of Qazlal Stormbringer
  1205 | D:2      | Reached * piety under Qazlal
  1488 | D:3      | Noticed a bullfrog
  1502 | D:3      | Killed a bullfrog
  1502 | D:3      | Reached XP level 5. HP: 29/33 MP: 5/5
  1862 | D:3      | Reached ** piety under Qazlal
  1862 | D:3      | Reached skill level 1 in Dodging
  2113 | D:4      | Noticed a yak
  2113 | D:4      | Noticed a yak
  2113 | D:4      | Noticed a yak
  2115 | D:4      | Noticed a yak
  2147 | D:4      | Killed a yak
  2147 | D:4      | Reached skill level 5 in Shields
  2147 | D:4      | Reached skill level 1 in Invocations
  2147 | D:4      | Reached XP level 6. HP: 26/38 MP: 5/7
  2153 | D:4      | Killed a yak
  2153 | D:4      | Reached XP level 7. HP: 25/43 MP: 1/8
  2153 | D:4      | Killed a yak
  2173 | D:4      | Killed a yak
  2173 | D:4      | Reached skill level 6 in Shields
  2249 | D:4      | Reached XP level 8. HP: 31/48 MP: 10/10
  2268 | D:4      | Reached skill level 5 in Maces & Flails
  2412 | D:4      | Found a glowing golden altar of the Shining One.
  2462 | D:4      | Found a staircase to the Ecumenical Temple.
  2471 | Temple   | Entered the Ecumenical Temple
  2701 | D:5      | Entered Level 5 of the Dungeon
  2717 | D:5      | Found Jafu's Book Boutique.
  2960 | D:5      | Found Ireigu Bypyd's Antique Armour Shop.
  3111 | D:5      | Found a snail-covered altar of Cheibriados.
  3175 | D:5      | Found Sugryczu's Weapon Boutique.
  3316 | D:6      | Noticed a hippogriff
  3334 | D:6      | Killed a hippogriff
  3334 | D:6      | Reached skill level 7 in Shields
  3374 | D:6      | Reached skill level 5 in Armour
  3387 | D:6      | Got a jasper-encrusted ring mail
  3398 | D:6      | Identified the +3 ring mail of Ziup {Dex+2 Stlth+} (You
                  | found it on level 6 of the Dungeon)
  3407 | D:6      | Found a white marble altar of Elyvilon.
  3411 | D:6      | Reached XP level 9. HP: 41/52 MP: 12/12
  3668 | D:6      | Found Zief's General Store.
  3673 | D:6      | Learned a level 1 spell: Infusion
  4176 | D:7      | Reached skill level 8 in Shields
  4176 | D:7      | Reached skill level 1 in Spellcasting
  4176 | D:7      | Reached skill level 1 in Charms
  4225 | D:7      | Found a radiant altar of Vehumet.
  4266 | D:7      | Reached skill level 5 in Fighting
  4341 | D:7      | Learned a level 2 spell: Song of Slaying
  4391 | D:7      | Got a fine silver amulet
  4392 | D:7      | Identified the amulet of Capsytin {Faith Dex+5} (You found
                  | it on level 7 of the Dungeon)
  4503 | D:7      | Reached *** piety under Qazlal
  4903 | D:8      | Reached XP level 10. HP: 43/60 MP: 13/13
  5094 | D:8      | Noticed a two-headed ogre
  5109 | D:8      | Slain by a two-headed ogre

Skill      XL: |  1  2  3  4  5  6  7  8  9 10 |
---------------+-------------------------------+-----
Shields        | 4 5 6 7 8 |  8.9
Maces & Flails | 3 4 6 7 |  7.6
Dodging        | 1 2 3 |  3.6
Fighting       | 4 5 |  5.7
Armour         | 4 5 |  5.4
Invocations    | 1 2 3 4 |  4.0
Spellcasting   | 2 3 |  3.0
Charms         | 2 |  2.9

Action                   |  1- 3 |  4- 6 |  7- 9 | 10-12 || total
-------------------------+-------+-------+-------+-------++-------
Melee: Flail             |   112 |   140 |   361 |    98 ||   711
 Cast: Infusion          |       |       |     4 |     1 ||     5
       Song of Slaying   |       |       |     2 |     1 ||     3
Invok: Upheaval          |       |     1 |       |       ||     1
  Use: Potion            |       |     3 |       |     1 ||     4
       Scroll            |       |     1 |     4 |       ||     5
  Eat: Chunk             |       |     4 |    10 |     1 ||    15
Armor: Scale mail        |    64 |   124 |    96 |       ||   284
       Ring mail         |       |       |    74 |    32 ||   106
Dodge: Dodged            |    46 |    64 |   175 |    45 ||   330
Block: Shield            |    59 |   149 |   353 |    95 ||   656
